 Dungeon Crawl Stone Soup version 0.29.1-15-g9cfb28693d (webtiles) character file.

Game seed: 4758190366825010198

1225 raph the Skirmisher (level 8, -3/62 HPs)
             Began as a Minotaur Hunter on Apr 21, 2023.
             Was an Initiate of Gozag.
             Slain by a two-headed ogre
             ... wielding a +0 giant club
              (5 damage)
             ... on level 6 of the Dungeon.
             The game lasted 00:09:03 (7380 turns).

raph the Skirmisher (Minotaur Hunter)               Turns: 7380, Time: 00:09:03

Health: -3/62      AC:  7    Str: 18    XL:     8   Next: 23%
Magic:  7/7        EV: 12    Int:  6    God:    Gozag
Gold:   556        SH:  0    Dex: 16    Spells: 7/7 levels left

rFire   + . .      SeeInvis +   a - +0 shortbow
rCold   + + .      Faith    .   (shield currently unavailable)
rNeg    + . .      Spirit   .   k - +1 robe of Shadows and Fog {rElec Str+2 SInv}
rPois   +          Reflect  .   (helmet restricted)
rElec   +          Harm     .   e - +1 cloak
rCorr   +          Rampage  +   m - +1 pair of gloves
Will    +....                   (no boots)
Stlth   ++........              d - amulet "Vukesmig" {Acrobat Rampage rC+ rN+ Will+}
HPRegen 0.20/turn               (no ring)
MPRegen 0.10/turn               (no ring)

@: mighty, resistant, invisible
A: horns 2, retaliatory headbutt
a: Renounce Religion, Potion Petition, Call Merchant, Bribe Branch


You were on level 6 of the Dungeon.
You worshipped Gozag.
Gozag was pleased with you.
You visited 1 branch of the dungeon, and saw 6 of its levels.
You also visited: Sewer.

You collected 1051 gold pieces.
You paid 495 gold pieces to Gozag.

Inventory:

Hand Weapons
 a - a +0 shortbow (weapon)
 b - a +2 falchion of electrocution
Missiles
 n - 6 poisoned darts
Armour
 c - a +0 leather armour
 e - a +1 cloak (worn)
 k - the +1 robe of Shadows and Fog (worn) {rElec Str+2 SInv}
   (You found it on level 5 of the Dungeon)

   Str:       It affects your strength (+2).
   rElec:     It insulates you from electricity.
   SInv:      It lets you see invisible.
 m - a +1 pair of gloves (worn)
Jewellery
 d - the amulet "Vukesmig" (around neck) {Acrobat Rampage rC+ rN+ Will+}
   (You acquired it on level 5 of the Dungeon)

   [amulet of the acrobat]

   It increases your evasion while moving and waiting.
   rC:        It protects you from cold.
   rN:        It protects you from negative energy.
   Rampage:   It bestows one free step when moving towards enemies.
   Will:      It increases your willpower.
Wands
 t - a wand of paralysis (8)
 u - a wand of polymorph (10)
Scrolls
 h - 2 scrolls of immolation
 o - 3 scrolls of magic mapping
 s - 2 scrolls of amnesia
 y - a scroll of silence {unknown}
Potions
 f - 2 potions of mutation
 g - a potion of cancellation {unknown}
 i - 4 potions of heal wounds
 j - a potion of brilliance
 l - 4 potions of degeneration
 p - a potion of lignification
 q - 2 potions of curing
 r - 2 potions of might
 v - 2 potions of attraction {unknown}
 w - a potion of magic {unknown}
 x - a potion of haste {unknown}
 z - a potion of resistance {unknown}


   Skills:
 - Level 2.7 Fighting
 + Level 11.5 Ranged Weapons
 - Level 2.4 Dodging
 - Level 1.1 Stealth


You had 7 spell levels left.
You didn't know any spells.
Your spell library contained the following spells:

 Spells                   Type           Power      Damage    Failure   Level
 Gell's Gravitas          Tloc           0%         N/A       83%         3
 Teleport Other           Tloc           0%         N/A       83%         3
 Dispersal                Tloc           0%         N/A       100%        6


Dungeon Overview and Level Annotations

Branches:
Dungeon (6/15)              Sewer (visited)
 Temple: D:4-7

Altars:
Gozag
Hepliaklqana
Kikubaaqudgha
Yredelemnul


Innate Abilities, Weirdness & Mutations

You have a pair of horns on your head.
You reflexively headbutt those who attack you in melee.


Message History

The two-headed ogre shouts in stereo!
You feel very mighty all of a sudden.
You shoot an arrow. The arrow hits the two-headed ogre.
The two-headed ogre is lightly wounded.
The two-headed ogre hits you with a +0 giant club!!
The two-headed ogre hits you with a +0 giant club!
You shoot an arrow. The arrow hits the two-headed ogre!
The two-headed ogre is moderately wounded.
The two-headed ogre hits you with a +0 giant club!
The two-headed ogre completely misses you.
You are too injured to fight recklessly!
You are too injured to fight recklessly!
Fire: a) +0 shortbow
Press: ? - help, Q - select action, (/) - cycle Shift-Dir - straight line, f/p - two-headed ogre
Aim: a two-headed ogre, wielding two +0 giant clubs (moderately wounded, 79% to hit)
You shoot an arrow. The arrow hits the two-headed ogre!
The two-headed ogre is heavily wounded.
The two-headed ogre attacks as you move away!
The two-headed ogre misses you. You furiously retaliate!
You headbutt the two-headed ogre! The two-headed ogre misses you.
Fire: a) +0 shortbow
Press: ? - help, Q - select action, (/) - cycle Shift-Dir - straight line, f/p - two-headed ogre
Aim: a two-headed ogre, wielding two +0 giant clubs (severely wounded, 79% to hit)
You shoot an arrow. The arrow hits the two-headed ogre!
The two-headed ogre is severely wounded.
The two-headed ogre attacks as you move away!
The two-headed ogre closely misses you. The two-headed ogre barely misses you.
Okay, then.
Okay, then. [a] - 322 gold - resistance and might [b] - 360 gold - brilliance and magic [c] - 414 gold - resistance and invisibility Purchase which effect?
You no longer have enough gold to fund merchants seeking to open stores in the dungeon.
You feel protected.
You fade into invisibility!
The two-headed ogre hits you with a +0 giant club!!
* * * LOW HITPOINT WARNING * * *
The two-headed ogre hits you with a +0 giant club.
You die...
Your body crumbles into a pile of gold.

#.....# #....###### #.#.##.....
######### #.#......## ..... ..#
#.#........ ...# #.#
####.#.##.#.## #####..# #.#
#....[.......# .
......####.#####.##.#.##.#..#
..######.......O@................
...........###.#...###.....#.#..#
...####......#.....# #.....#.#...
.............#.....###.#...# #..#
....##........(#.......##..# #..#
.............#....##.#.#.#.#.##.#
...####...........##.##.##.#.....
..(............#####.##.##.####..
..######...##..# #.............


You could see a two-headed ogre (unable to see you).

Vanquished Creatures
  Grinder (D:5)
  A black bear (D:5)
  A phantom (D:5)
  2 bullfrogs (Sewer)
  A scorpion (D:4)
  2 hounds (D:4)
  2 orc priests (D:5)
  2 iguanas
  5 orc wizards
  16 adders
  9 river rats
  A white imp (D:6)
  An ufetubus (D:5)
  3 worms
  2 dart slugs
  13 orcs
  7 bats
  11 endoplasms
  5 giant cockroaches
  5 goblins
  7 hobgoblins
  6 jackals (D:1)
  3 kobolds
  2 quokkas (D:2)
  19 ball pythons
  4 frilled lizards
  27 rats
158 creatures vanquished.

Vanquished Creatures (collateral kills)
  A hobgoblin (D:3)
1 creature vanquished.

Grand Total: 159 creatures vanquished

Notes
Turn   | Place    | Note
-------+----------+-------------------------------------------
     0 | D:1      | raph the Minotaur Hunter began the quest for the Orb.
     0 | D:1      | Reached XP level 1. HP: 18/18 MP: 0/0
    20 | D:1      | Reached skill level 1 in Stealth
    33 | D:1      | Reached XP level 2. HP: 22/25 MP: 1/1
   255 | D:1      | Reached skill level 5 in Ranged Weapons
   453 | D:1      | Reached XP level 3. HP: 30/30 MP: 2/2
  1281 | D:2      | You fall into a shaft and drop 1 floor!
  1299 | D:3      | Reached XP level 4. HP: 37/37 MP: 3/3
  1382 | D:3      | Reached skill level 6 in Ranged Weapons
  1582 | D:3      | Found an ancient bone altar of Kikubaaqudgha.
  2109 | D:3      | Found a basalt altar of Yredelemnul.
  2109 | D:3      | Found an opulent altar of Gozag.
  2120 | D:3      | Became a worshipper of Gozag Ym Sagoz the Greedy
  2169 | D:3      | Found a faded altar of an unknown god.
  2330 | D:3      | Reached XP level 5. HP: 23/42 MP: 4/4
  2778 | D:4      | Reached skill level 7 in Ranged Weapons
  2818 | D:4      | Found a hazy altar of Hepliaklqana.
  3160 | D:4      | Reached XP level 6. HP: 50/50 MP: 5/5
  3229 | D:4      | Reached skill level 8 in Ranged Weapons
  3814 | D:5      | Entered Level 5 of the Dungeon
  3874 | D:5      | Noticed Grinder
  3887 | D:5      | Paralysed by Grinder for 3 turns
  3901 | D:5      | Paralysed by Grinder for 3 turns
  3910 | D:5      | Killed Grinder
  3911 | D:5      | Reached skill level 9 in Ranged Weapons
  3911 | D:5      | Reached XP level 7. HP: 30/56 MP: 6/6
  4085 | D:5      | Identified the +1 robe of Shadows and Fog {rElec Str+2
                  | SInv}
  4179 | D:5      | Reached skill level 10 in Ranged Weapons
  4208 | D:5      | Identified a scroll of acquirement
  4208 | D:5      | Acquired the amulet "Vukesmig" {Acrobat Rampage rC+ rN+
                  | Will+}
  4344 | D:5      | Found a glowing drain.
  4357 | Sewer    | Entered a sewer
  6274 | Sewer    | Reached XP level 8. HP: 50/62 MP: 7/7
  6287 | Sewer    | Reached skill level 11 in Ranged Weapons
  7361 | D:6      | Noticed a two-headed ogre
  7380 | D:6      | HP: 2/62 [two-headed ogre/+0 giant club (25)]
  7380 | D:6      | Slain by a two-headed ogre

Illustrated notes

Levels and vault maps discovered:
D:1:      tarquinn_simple_flora_water_c, layout_basic, minmay_ruptured
D:2:      layout_basic
D:3:      layout_basic, lemuel_doored_altar, grunt_temple_overflow_open,
          shapermc_ecumenical_altar_starsandcircs, minivault_4
D:4:      cheibrodos_quashed, layout_loops_ring, nzn_hepliaklqana_mist_gate,
          kennysheep_crisscross
D:5:      layout_basic, portal_sewer_entry_b, uniq_grinder
D:6:      layout_loops_ring, minmay_misc_feat_more_columns, minivault_11,
          serial_bayou_pond_a

Skill      XL: |  1  2  3  4  5  6  7  8 |
---------------+-------------------------+-----
Stealth        | 1 |  1.1
Ranged Weapons | 5 6 7 9 10 11 | 11.5
Fighting       | |  2.7
Dodging        | |  2.4

Action                   |  1- 3 |  4- 6 |  7- 9 || total
-------------------------+-------+-------+-------++-------
Melee: Unarmed           |     2 |       |       ||     2
       Falchion          |       |     5 |       ||     5
       Headbutt          |       |     1 |       ||     1
 Fire: Shortbow          |   111 |   164 |   213 ||   488
Invok: Potion Petition   |       |       |     1 ||     1
  Use: Scroll            |       |    10 |     8 ||    18
       Potion            |       |     2 |     1 ||     3
Armor: Leather armour    |    15 |    28 |     6 ||    49
       Robe              |       |       |    37 ||    37
Dodge: Dodged            |    21 |    45 |    62 ||   128
